 Dungeon Crawl Stone Soup version 0.29.1-15-g9cfb28693d (webtiles) character file.

Game seed: 11933905569806545821

8 Artool the Trooper (level 2, 0/24 HPs)
             Began as a Demonspawn Fighter on Apr 6, 2023.
             Constricted to death by a ball python (1 damage)
             ... on level 1 of the Dungeon.
             The game lasted 00:00:29 (364 turns).

Artool the Trooper (Demonspawn Fighter)              Turns: 364, Time: 00:00:29

Health: 0/24       AC:  6    Str: 16    XL:     2   Next: 0%
Magic:  2/2        EV:  5    Int:  9    God:
Gold:   24         SH:  4    Dex: 12    Spells: 1/1 levels left

rFire   . . .      SeeInvis .   a - +0 flail
rCold   . . .      Faith    .   c - +0 buckler
rNeg    . . .      Spirit   .   b - +0 scale mail
rPois   .          Reflect  .   (helmet restricted)
rElec   .          Harm     .   (no cloak)
rCorr   .          Rampage  .   (no gloves)
Will    .....                   (no boots)
Stlth   ..........              (no amulet)
HPRegen 0.08/turn               (no ring)
MPRegen 0.08/turn               (no ring)

@: constricted
A: horns 1
a: no special abilities


You were on level 1 of the Dungeon.
You visited 1 branch of the dungeon, and saw 1 of its levels.

You collected 24 gold pieces.

Inventory:

Hand Weapons
 a - a +0 flail (weapon)
Missiles
 j - 3 poisoned darts (quivered)
Armour
 b - a +0 scale mail (worn)
 c - a +0 buckler (worn)
Scrolls
 f - a scroll of enchant weapon {unknown}
 g - a scroll of identify {unknown}
Potions
 d - a potion of might
 e - a potion of curing {unknown}
 h - a potion of cancellation {unknown}
 i - a potion of magic {unknown}


   Skills:
 + Level 3.2 Fighting
 + Level 2.0 Maces & Flails
 + Level 2.9 Armour
 - Level 2.6 Shields


You had one spell level left.
You didn't know any spells.
Your spell library was empty.

Dungeon Overview and Level Annotations

Branches:
Dungeon (1/15)

Altars:


Innate Abilities, Weirdness & Mutations

You have a pair of small horns on your head.


Message History

The ball python constricts you. The ball python bites you.
The ball python constricts you. The ball python bites you.
The ball python constricts you. You block the ball python's attack.
The ball python constricts you.
The ball python bites you but does no damage.
The ball python constricts you.
The ball python bites you but does no damage.
The ball python constricts you.
* * * LOW HITPOINT WARNING * * *
The ball python bites you.
* * * LOW HITPOINT WARNING * * *
The ball python constricts you. The ball python bites you.
* * * LOW HITPOINT WARNING * * *
The ball python constricts you.
* * * LOW HITPOINT WARNING * * *
The ball python bites you.
* * * LOW HITPOINT WARNING * * *
The ball python constricts you.
The ball python bites you but does no damage.
The ball python constricts you.
The ball python bites you but does no damage.
The ball python constricts you.
The ball python bites you but does no damage.
The ball python constricts you.
The ball python bites you but does no damage.
The ball python constricts you.
The ball python bites you but does no damage.
The ball python constricts you.
* * * LOW HITPOINT WARNING * * *
The ball python bites you but does no damage.
The ball python constricts you. The ball python barely misses you.
The ball python constricts you. The ball python completely misses you.
The ball python constricts you.
The ball python bites you but does no damage.
The ball python constricts you. You block the ball python's attack.
The ball python constricts you.
* * * LOW HITPOINT WARNING * * *
The ball python bites you but does no damage.
The ball python constricts you.
You die...

#..........#
......#.####
#######.### #...#
###.# #.# #.#
#.######### #.#
......S@..# #.#
#.#######.#####.#
#.......#
#########


You could see a ball python.

Vanquished Creatures
  3 bats (D:1)
  An endoplasm (D:1)
  A goblin (D:1)
  A hobgoblin (D:1)
  A quokka (D:1)
7 creatures vanquished.

Notes
Turn   | Place    | Note
-------+----------+-------------------------------------------
     0 | D:1      | Artool the Demonspawn Fighter began the quest for the Orb.
     0 | D:1      | Reached XP level 1. HP: 18/18 MP: 1/1
    26 | D:1      | Found a faded altar of an unknown god.
   256 | D:1      | Gained mutation: You have a pair of small horns on your
                  | head. [demonic ancestry]
   256 | D:1      | Reached XP level 2. HP: 21/24 MP: 2/2
   359 | D:1      | HP: 1/24 [constriction (1)]
   364 | D:1      | HP: 1/24 [constriction (1)]
   364 | D:1      | Constricted to death by a ball python

Illustrated notes

Levels and vault maps discovered:
D:1:      lightli_arrival_boilingwater, layout_loops_ring,
          shapermc_ecumenical_altar_totnotflames, minmay_cupped

Skill      XL: |  1 |
---------------+----+-----
Maces & Flails | 2 |  2.0
Fighting       | |  3.2
Armour         | |  2.9
Shields        | |  2.6

Action                   || total
-------------------------++-------
Melee: Flail             ||    32
Armor: Scale mail        ||    50
Dodge: Dodged            ||    28
Block: Buckler           ||    19
